 Dungeon Crawl Stone Soup version 0.30-a0-600-gb7c8574cbb (webtiles) character file.

Game seed: 13395698655822984199

1 M4edhros the Charlatan (level 1, 0/13 HPs)
             Began as an Octopode Artificer on Jan 7, 2023.
             Slain by a kobold
             ... wielding a +0 club
              (3 damage)
             ... on level 1 of the Dungeon.
             The game lasted 00:00:04 (48 turns).

M4edhros the Charlatan (Octopode Artificer)           Turns: 48, Time: 00:00:04

Health: 0/13       AC:  1    Str: 11    XL:     1   Next: 20%
Magic:  1/1        EV: 10    Int: 13    God:
Gold:   0          SH:  0    Dex: 12    Spells: 0/0 levels left

rFire   . . .      SeeInvis .    (no weapon)
rCold   . . .      Faith    .    (no shield)
rNeg    . . .      Spirit   .    (helmet restricted)
rPois   .          Reflect  .    (no amulet)
rElec   .          Harm     .    (no ring)
rCorr   .          Rampage  .    (no ring)
Will    .....                    (no ring)
Stlth   +++                      (no ring)
HPRegen 0.22/turn                (no ring)
MPRegen 0.07/turn                (no ring)
                                 (no ring)
                                 (no ring)

@: constricted
A: almost no armour, amphibious, 8 rings, camouflage 1, gelatinous body 1,
(nimble swimmer 1), tentacles
a: no special abilities


You were on level 1 of the Dungeon.
You visited 1 branch of the dungeon, and saw 1 of its levels.

Inventory:

Wands
 b - a wand of flame (15) (quivered)
 c - a wand of charming (15)
 d - a wand of iceblast (5)
Potions
 a - a potion of invisibility {unknown}


   Skills:
 + Level 1.0 Fighting
 + Level 2.3 Dodging
 + Level 1.4 Stealth
 * Level 0.1 Unarmed Combat
 + Level 3.3 Evocations


You couldn't memorise any spells.
You didn't know any spells.
Your spell library was empty.

Dungeon Overview and Level Annotations

Branches:
Dungeon (1/15)

Altars:


Innate Abilities, Weirdness & Mutations

You cannot wear most types of armour.
You are amphibious.
You can wear up to eight rings at the same time.
Your skin changes colour to match your surroundings (Stealth+).
Your rubbery body absorbs attacks. (AC +1, EV +1)
((You are camouflaged when in or above water. (Stealth+)))
You have tentacles for arms and can constrict up to eight enemies at once.


Message History

No target in view!
A kobold comes into view. It is wielding a +0 dagger.
A kobold is nearby!
A kobold is nearby!
The helpless kobold fails to defend itself.
You tentacle-slap the kobold. You grab the kobold. You squeeze the kobold.
You kill the kobold!
You see here a +0 dagger.
A rat comes into view.
Found a scroll labelled WICVEFR YDIAPP.
A kobold comes into view. It is wielding a +0 club.
Found a scroll labelled TUEPEO OTSISM.
The kobold shouts!
You hear an angry hiss.
The kobold throws a stone.
The stone hits you.
There are monsters nearby!
There are monsters nearby!
You barely miss the rat. Your grab misses the rat. The rat closely misses you.
There are monsters nearby!
You tentacle-slap the rat. Your grab misses the rat.
Your squeeze misses the rat.
The rat is severely wounded.
A ball python comes into view.
The rat closely misses you.
You closely miss the rat. Your grab misses the rat. You squeeze the rat.
You kill the rat!
The kobold hits you with a +0 club.
You see here a rat corpse.
You barely miss the kobold. Your grab misses the kobold.
The kobold hits you with a +0 club.
You tentacle-slap the kobold but do no damage.
You grab the kobold.
You constrict the kobold, but do no damage.
The kobold hits you with a +0 club.
You tentacle-slap the kobold.
The kobold is heavily wounded.
You constrict the kobold. The ball python barely misses you.
The ball python grabs you. The ball python constricts you.
* * * LOW HITPOINT WARNING * * *
The kobold hits you with a +0 club.
You die...

##### .....
.....
####..#######
.......?....##
#..K@.....#
......S####..#
....?#. ###..#
.### #. #....#
#. #.##.# .
#.##.##.# #.
###.....# ####
#.#######.####
... .....#
#.####


You could see a ball python and a kobold.

Vanquished Creatures
  A kobold (D:1)
  A rat (D:1)
2 creatures vanquished.

Notes
Turn   | Place    | Note
-------+----------+-------------------------------------------
     0 | D:1      | M4edhros the Octopode Artificer began the quest for the
                  | Orb.
     0 | D:1      | Reached XP level 1. HP: 13/13 MP: 1/1
    48 | D:1      | Slain by a kobold

Illustrated notes

Levels and vault maps discovered:
D:1:      lemuel_arrival_room, layout_loops_cross, serial_shops, shop

Action                   || total
-------------------------++-------
Melee: Unarmed           ||     7
       Constrict         ||     2
       Tentacles         ||     2
 Stab: Sleeping          ||     1
Dodge: Dodged            ||     3

Table legend: (Time is in decaauts)
 A = Elapsed time spent in this place.
 B = Non-inter-level travel time spent in this place.
 C = Inter-level travel time spent in this place.
 D = Time resting spent in this place.
 E = Time spent auto-exploring this place.
 F = Levels seen in this place.
 G = Mean time per level.
                   A        B        C        D        E       F      G
               +--------+--------+--------+--------+--------+-----+--------+
         Total |     48 |     48 |      0 |      0 |     32 |   1 |   48.0 |
       Dungeon |     48 |     48 |      0 |      0 |     32 |   1 |   48.0 |
               +--------+--------+--------+--------+--------+-----+--------+

Top non-repeatable levels by time:
     D:1: 48 daAuts
